| TOP OF THE 1ST |
|
Philadelphia (APP) Phillies batting - Pitching for Ogden Raptors : RHP Drew Manderfield
|
|
Pitching: RHP Drew Manderfield
|
|
|
Batting: SHB Sam Fredrick
|
0-0: Ball 1-0: Ball 2-0: Foul Ball, location: 2F 2-1: Fly out, F7 (Line Drive, 7, EV 101.9 MPH)
|
|
Batting: RHB Dan Doggett
|
0-0: Ball 1-0: Ball 2-0: Called Strike 2-1: Ball 3-1: Called Strike 3-2: Base on Balls
|
|
Batting: RHB Nick Maxwell
|
0-0: Ball 1-0: Called Strike 1-1: Foul Ball, location: 2F 1-2: Ball Wild Pitch! Dan Doggett to second 2-2: Strikes out swinging
|
|
Batting: LHB Victor Estrada
|
0-0: Called Strike 0-1: Ball 1-1: Swinging Strike Passed Ball! Dan Doggett to third 1-2: Ball 2-2: Ball 3-2: Base on Balls
|
|
Batting: LHB Jessie Whedbee
|
0-0: Ball 1-0: Ball 2-0: Ball 3-0: Base on Balls Victor Estrada to second
|
|
Batting: RHB Mike Ryan
|
0-0: Ball 1-0: Ball 2-0: Ball 3-0: Base on Balls Dan Doggett scores Victor Estrada to third Jessie Whedbee to second
|
|
Batting: RHB Jose Hurtado
|
0-0: Ball Wild Pitch! Victor Estrada scores Jessie Whedbee to third Mike Ryan to second 1-0: Swinging Strike 1-1: Foul Ball, location: 2F 1-2: Strikes out swinging
|
| Top of the 1st over - 2 runs, 0 hits, 0 errors, 2 left on base; Philadelphia (APP) 2 - Ogden 0 |
| BOTTOM OF THE 1ST |
|
Ogden Raptors batting - Pitching for Philadelphia (APP) Phillies : RHP Franck Basset
|
|
Pitching: RHP Franck Basset
|
|
|
Batting: SHB Javy Franco
|
0-0: Ball 1-0: Swinging Strike 1-1: Foul Ball, location: 2F 1-2: Foul Ball, location: 2F 1-2: Ball 2-2: Ball 3-2: Strikes out swinging
|
|
Batting: SHB Erick Hamburger
|
0-0: Foul Ball, location: 2F 0-1: Ball 1-1: Ball 2-1: Fly out, F4 (Popup, 4M, EV 59.4 MPH)
|
|
Batting: RHB Juan Gallegos
|
0-0: Ball 1-0: SOLO HOME RUN (Flyball, 7D, EV 98.8 MPH), Distance : 394 ft
|
|
Batting: LHB Pedro Garza
|
0-0: Called Strike 0-1: Called Strike 0-2: Strikes out looking
|
| Bottom of the 1st over - 1 run, 1 hit, 0 errors, 0 left on base; Philadelphia (APP) 2 - Ogden 1 |
| TOP OF THE 2ND |
|
Philadelphia (APP) Phillies batting - Pitching for Ogden Raptors : RHP Drew Manderfield
|
|
Batting: LHB Justin Harrison
|
0-0: Ball 1-0: Called Strike 1-1: Ball 2-1: Foul Ball, location: 2F 2-2: Strikes out looking
|
|
Batting: SHB Robert Chauvel
|
0-0: Foul Ball, location: 2F 0-1: Called Strike 0-2: Ball 1-2: Foul Ball, location: 2F 1-2: Foul Ball, location: 2F 1-2: Strikes out swinging
|
|
Batting: SHB Sam Fredrick
|
0-0: Ball 1-0: SINGLE (Line Drive, 56D, EV 97.5 MPH)
|
|
Batting: RHB Dan Doggett
|
0-0: Ball 1-0: Called Strike 1-1: Ball 2-1: SINGLE (Groundball, 56D, EV 100.6 MPH) Sam Fredrick to second
|
|
Batting: RHB Nick Maxwell
|
0-0: Called Strike 0-1: Swinging Strike 0-2: Ball 1-2: Ball 2-2: Ball 3-2: Fly out, F9 (Flyball, 9, EV 76.9 MPH)
|
| Top of the 2nd over - 0 runs, 2 hits, 0 errors, 2 left on base; Philadelphia (APP) 2 - Ogden 1 |
| BOTTOM OF THE 2ND |
|
Ogden Raptors batting - Pitching for Philadelphia (APP) Phillies : RHP Franck Basset
|
|
Batting: RHB Felipe Rivera
|
0-0: Called Strike 0-1: Ball 1-1: SINGLE (Line Drive, 34D, EV 97.5 MPH)
|
|
Batting: LHB Fernão Manta
|
0-0: Ball Felipe Rivera steals 2nd base 1-0: Foul Ball, location: 2F 1-1: Swinging Strike 1-2: Ball 2-2: Ball Wild Pitch! Felipe Rivera to third 3-2: TRIPLE (Line Drive, 7LD, EV 111.9 MPH) Felipe Rivera scores
|
|
Batting: RHB Brad Brady
|
0-0: Called Strike 0-1: Ball Wild Pitch! Fernão Manta scores 1-1: DOUBLE (Line Drive, 7LS, EV 88.8 MPH)
|
|
Batting: SHB Alex Noval
|
0-0: Called Strike 0-1: Ball Wild Pitch! Brad Brady to third 1-1: Ball 2-1: Foul Ball, location: 2F 2-2: SINGLE (Groundball, 4MS, EV 68.8 MPH) (infield hit) Brad Brady scores
|
|
Batting: RHB Gaylord Wray
|
0-0: Ball 1-0: Hit by Pitch Alex Noval to second
|
|
Batting: SHB Javy Franco
|
0-0: Ball Wild Pitch! Alex Noval to third Gaylord Wray to second 1-0: Ball 2-0: Ball 3-0: Base on Balls
|
|
Batting: SHB Erick Hamburger
|
0-0: Called Strike 0-1: Ball Wild Pitch! Alex Noval scores Gaylord Wray to third Javy Franco to second 1-1: Ground out 5-3 (Groundball, 56, EV 85.0 MPH) Gaylord Wray scores
|
|
Pitching: RHP Robert Mccabe
|
|
|
Batting: RHB Juan Gallegos
|
0-0: 2-RUN HOME RUN (Flyball, 9D, EV 98.1 MPH), Distance : 380 ft
|
|
Batting: LHB Pedro Garza
|
0-0: Ball 1-0: Called Strike 1-1: Foul Ball, location: 2F 1-2: Ground out 4-3 (Groundball, 4M, EV 100.0 MPH)
|
|
Batting: RHB Felipe Rivera
|
0-0: Ball 1-0: Ball 2-0: Ball 3-0: Called Strike 3-1: Base on Balls
|
|
Batting: LHB Fernão Manta
|
0-0: Called Strike 0-1: Swinging Strike 0-2: Foul Ball, location: 2F 0-2: Foul Ball, location: 2F 0-2: Ball Felipe Rivera steals 2nd base 1-2: Ball 2-2: DOUBLE (Flyball, 8LXD, EV 100.6 MPH) Felipe Rivera scores
|
|
Batting: RHB Brad Brady
|
0-0: Ball 1-0: Ball 2-0: Called Strike 2-1: Foul Ball, location: 2F 2-2: SINGLE (Flyball, 56D, EV 86.2 MPH) Fernão Manta to third
|
|
Pitching: LHP Marc Haigler
|
|
|
Batting: SHB Alex Noval
|
0-0: Ball 1-0: Fly out, F8 (Flyball, 78D, EV 90.0 MPH)
|
| Bottom of the 2nd over - 8 runs, 7 hits, 0 errors, 2 left on base; Philadelphia (APP) 2 - Ogden 9 |
| TOP OF THE 3RD |
|
Philadelphia (APP) Phillies batting - Pitching for Ogden Raptors : RHP Drew Manderfield
|
|
Batting: LHB Victor Estrada
|
0-0: Ball 1-0: Foul Ball, location: 2F 1-1: Called Strike 1-2: Strikes out swinging
|
|
Batting: LHB Jessie Whedbee
|
0-0: Foul Ball, location: 2F 0-1: Ball 1-1: Foul Ball, location: 2F 1-2: Strikes out swinging
|
|
Batting: RHB Mike Ryan
|
0-0: Ball 1-0: Swinging Strike 1-1: Hit by Pitch
|
|
Batting: RHB Jose Hurtado
|
0-0: Called Strike 0-1: Foul Ball, location: 2F 0-2: Strikes out swinging
|
| Top of the 3rd over - 0 runs, 0 hits, 0 errors, 1 left on base; Philadelphia (APP) 2 - Ogden 9 |
| BOTTOM OF THE 3RD |
|
Ogden Raptors batting - Pitching for Philadelphia (APP) Phillies : LHP Marc Haigler
|
|
Batting: RHB Gaylord Wray
|
0-0: Hit by Pitch
|
|
Pinch Runner at 1st John Hanson:
|
|
|
Batting: SHB Javy Franco
|
0-0: Foul Ball, location: 2F 0-1: Foul Ball, location: 2F 0-2: Ball 1-2: Foul Ball, location: 2F 1-2: Foul Ball, location: 2F 1-2: Ball Passed Ball! John Hanson to second 2-2: 2-RUN HOME RUN (Flyball, 7D, EV 106.2 MPH), Distance : 393 ft
|
|
Batting: SHB Erick Hamburger
|
0-0: Ball 1-0: Foul Ball, location: 2F 1-1: Ball 2-1: Ball 3-1: Base on Balls
|
|
Batting: RHB Juan Gallegos
|
0-0: Ball Wild Pitch! Erick Hamburger to second 1-0: Foul Ball, location: 2F 1-1: 2-RUN HOME RUN (Flyball, 78XD, EV 115.6 MPH), Distance : 432 ft
|
|
Pitching: RHP Rüdiger Stritter
|
|
|
Batting: LHB Pedro Garza
|
0-0: Called Strike 0-1: Called Strike 0-2: Ball 1-2: Strikes out swinging
|
|
Batting: RHB Felipe Rivera
|
0-0: Ball 1-0: Foul Ball, location: 2F 1-1: Ball 2-1: DOUBLE (Line Drive, 5D, EV 101.9 MPH)
|
|
Batting: LHB Fernão Manta
|
0-0: Ball 1-0: Called Strike 1-1: Ball Passed Ball! Felipe Rivera to third 2-1: Foul Ball, location: 2F 2-2: Ball 3-2: SINGLE (Groundball, 4D, EV 108.8 MPH) Felipe Rivera scores
|
|
Batting: RHB Brad Brady
|
0-0: Ball 1-0: Foul Ball, location: 2F 1-1: Ball 2-1: Foul Ball, location: 2F 2-2: Fly out, F9 (Flyball, 9S, EV 79.4 MPH)
|
|
Pitching: RHP Takuzo Sato
|
|
|
Batting: SHB Alex Noval
|
0-0: Ball Wild Pitch! Fernão Manta to second 1-0: SINGLE (Flyball, 56D, EV 95.6 MPH) Fernão Manta to third Runner from 3rd tries for Home, SAFE, throw by LF to home
|
|
Batting: RHB John Hanson
|
0-0: Ball Wild Pitch! Alex Noval to second 1-0: Ball 2-0: Foul Ball, location: 2F 2-1: Ball Passed Ball! Alex Noval to third 3-1: Called Strike 3-2: Foul Ball, location: 2F 3-2: Base on Balls
|
|
Batting: SHB Javy Franco
|
0-0: Ball Passed Ball! Alex Noval scores John Hanson to second 1-0: Foul Ball, location: 2F 1-1: Foul Ball, location: 2F 1-2: DOUBLE (Line Drive, 9LM, EV 115.0 MPH) John Hanson scores
|
|
Batting: SHB Erick Hamburger
|
0-0: Ball Wild Pitch! Javy Franco to third 1-0: Foul Ball, location: 2F 1-1: Ball 2-1: Foul Ball, location: 2F 2-2: Hit by Pitch
|
|
Pitching: LHP Chris Alexopoulos
|
|
|
Batting: RHB Juan Gallegos
|
0-0: Ball 1-0: Fly out, F8 (Flyball, 8LM, EV 83.8 MPH)
|
| Bottom of the 3rd over - 8 runs, 6 hits, 0 errors, 2 left on base; Philadelphia (APP) 2 - Ogden 17 |
| TOP OF THE 4TH |
|
Philadelphia (APP) Phillies batting - Pitching for Ogden Raptors : RHP Drew Manderfield
|
|
Now at C: John Hanson
|
|
|
Batting: LHB Justin Harrison
|
0-0: Swinging Strike 0-1: Foul Ball, location: 2F 0-2: Strikes out looking
|
|
Batting: SHB Robert Chauvel
|
0-0: Called Strike 0-1: Swinging Strike 0-2: Strikes out swinging
|
|
Batting: SHB Sam Fredrick
|
0-0: Called Strike 0-1: Called Strike 0-2: Foul Ball, location: 2F 0-2: Strikes out swinging
|
| Top of the 4th over - 0 runs, 0 hits, 0 errors, 0 left on base; Philadelphia (APP) 2 - Ogden 17 |
| BOTTOM OF THE 4TH |
|
Ogden Raptors batting - Pitching for Philadelphia (APP) Phillies : LHP Chris Alexopoulos
|
|
Batting: LHB Pedro Garza
|
0-0: Ball 1-0: SINGLE (Groundball, 4D, EV 103.1 MPH)
|
|
Batting: RHB Felipe Rivera
|
0-0: Ball 1-0: DOUBLE (Line Drive, 78XD, EV 101.2 MPH) Pedro Garza to third
|
|
Batting: LHB Fernão Manta
|
0-0: Ball 1-0: Foul Ball, location: 2F 1-1: 3-RUN HOME RUN (Flyball, 89XD, EV 110.0 MPH), Distance : 414 ft
|
|
Batting: RHB Brad Brady
|
0-0: Called Strike 0-1: Called Strike 0-2: Ball 1-2: Foul Ball, location: 2F 1-2: SOLO HOME RUN (Flyball, 78XD, EV 113.8 MPH), Distance : 426 ft
|
|
Batting: SHB Alex Noval
|
0-0: Ball 1-0: Ball 2-0: DOUBLE (Line Drive, 7LM, EV 93.1 MPH)
|
|
Batting: RHB John Hanson
|
0-0: Ball 1-0: Called Strike 1-1: Ball Wild Pitch! Alex Noval to third 2-1: Swinging Strike 2-2: SINGLE (Groundball, 6S, EV 97.5 MPH) Alex Noval scores
|
|
Batting: SHB Javy Franco
|
0-0: Foul Ball, location: 2F 0-1: Ball 1-1: Called Strike 1-2: Ball 2-2: Ball Wild Pitch! John Hanson to second 3-2: Foul Ball, location: 2F 3-2: Foul Ball, location: 2F 3-2: Foul Ball, location: 2F 3-2: SINGLE (Flyball, 78S, EV 91.9 MPH) John Hanson to third
|
|
Batting: SHB Erick Hamburger
|
0-0: Ball 1-0: Ball 2-0: Ball 3-0: Called Strike 3-1: SINGLE (Groundball, 56D, EV 100.0 MPH) John Hanson scores Javy Franco to second
|
|
Batting: RHB Juan Gallegos
|
0-0: Ball Passed Ball! Javy Franco to third Erick Hamburger to second 1-0: 3-RUN HOME RUN (Flyball, 7D, EV 98.8 MPH), Distance : 379 ft
|
|
Batting: LHB Pedro Garza
|
0-0: Ball 1-0: Ball 2-0: Ball 3-0: Base on Balls
|
|
Batting: RHB Felipe Rivera
|
0-0: Called Strike 0-1: Ball Wild Pitch! Pedro Garza to second 1-1: Foul Ball, location: 2F 1-2: Ball 2-2: Ball 3-2: Base on Balls
|
|
Batting: LHB Fernão Manta
|
0-0: Reached on error, E6 (Groundball, 6S, EV 85.0 MPH) Pedro Garza to third Felipe Rivera to second
|
|
Batting: RHB Brad Brady
|
0-0: Ball 1-0: SINGLE (Flyball, 3D, EV 94.4 MPH) Pedro Garza scores Felipe Rivera to third Fernão Manta to second
|
|
Batting: SHB Alex Noval
|
0-0: Ball 1-0: Swinging Strike 1-1: Ball 2-1: Foul Ball, location: 2F 2-2: Foul Ball, location: 2F 2-2: Ball 3-2: Base on Balls Felipe Rivera scores Fernão Manta to third Brad Brady to second
|
|
Batting: RHB John Hanson
|
0-0: Ball 1-0: GRAND SLAM HOME RUN (Line Drive, 78XD, EV 118.1 MPH), Distance : 467 ft
|
|
Batting: SHB Javy Franco
|
0-0: Fly out, F8 (Flyball, 78D, EV 101.9 MPH)
|
|
Batting: SHB Erick Hamburger
|
0-0: SINGLE (Flyball, 8RS, EV 90.0 MPH)
|
|
Batting: RHB Juan Gallegos
|
0-0: Called Strike 0-1: Foul Ball, location: 2F 0-2: Fielders Choice at 2nd, 3-6 (Groundball, 34S, EV 90.6 MPH)
|
|
Batting: LHB Pedro Garza
|
0-0: Fly out, F8 (Flyball, 8LM, EV 95.0 MPH)
|
| Bottom of the 4th over - 15 runs, 12 hits, 1 error, 1 left on base; Philadelphia (APP) 2 - Ogden 32 |
| TOP OF THE 5TH |
|
Philadelphia (APP) Phillies batting - Pitching for Ogden Raptors : RHP Drew Manderfield
|
|
Batting: RHB Dan Doggett
|
0-0: Ball 1-0: Foul Ball, location: 2F 1-1: SINGLE (Flyball, 89S, EV 97.5 MPH)
|
|
Pitching: RHP Francisco Guzman
|
|
|
Batting: RHB Nick Maxwell
|
0-0: Foul Ball, location: 2F 0-1: Ball 1-1: Foul Ball, location: 2F 1-2: Fly out, F8 (Flyball, 8LXD, EV 88.1 MPH)
|
|
Batting: LHB Victor Estrada
|
0-0: Called Strike Dan Doggett steals 2nd base 0-1: Ball 1-1: Swinging Strike 1-2: Strikes out swinging
|
|
Batting: LHB Jessie Whedbee
|
0-0: Called Strike 0-1: Ball 1-1: Ball 2-1: Called Strike 2-2: Foul Ball, location: 2F 2-2: Ball 3-2: Strikes out looking
|
| Top of the 5th over - 0 runs, 1 hit, 0 errors, 1 left on base; Philadelphia (APP) 2 - Ogden 32 |
| BOTTOM OF THE 5TH |
|
Ogden Raptors batting - Pitching for Philadelphia (APP) Phillies : LHP Chris Alexopoulos
|
|
Batting: RHB Felipe Rivera
|
0-0: Ground out 6-3 (Groundball, 6, EV 81.2 MPH)
|
|
Batting: LHB Fernão Manta
|
0-0: Ball 1-0: Ground out 4-3 (Groundball, 4, EV 82.5 MPH)
|
|
Batting: RHB Brad Brady
|
0-0: Ball 1-0: Ball 2-0: Ball 3-0: Called Strike 3-1: Foul Ball, location: 2F 3-2: Foul Ball, location: 2F 3-2: Foul Ball, location: 2F 3-2: Base on Balls
|
|
Batting: SHB Alex Noval
|
0-0: Fly out, F8 (Flyball, 8RS, EV 77.5 MPH)
|
| Bottom of the 5th over - 0 runs, 0 hits, 0 errors, 1 left on base; Philadelphia (APP) 2 - Ogden 32 |
| TOP OF THE 6TH |
|
Philadelphia (APP) Phillies batting - Pitching for Ogden Raptors : RHP Francisco Guzman
|
|
Batting: RHB Mike Ryan
|
0-0: Called Strike 0-1: Ball 1-1: Swinging Strike 1-2: Ball 2-2: Strikes out swinging
|
|
Batting: RHB Jose Hurtado
|
0-0: Called Strike 0-1: Ball 1-1: Swinging Strike 1-2: Foul Ball, location: 2F 1-2: Strikes out swinging
|
|
Batting: LHB Justin Harrison
|
0-0: Called Strike 0-1: Swinging Strike 0-2: Ball 1-2: Strikes out swinging
|
| Top of the 6th over - 0 runs, 0 hits, 0 errors, 0 left on base; Philadelphia (APP) 2 - Ogden 32 |
| BOTTOM OF THE 6TH |
|
Ogden Raptors batting - Pitching for Philadelphia (APP) Phillies : LHP Chris Alexopoulos
|
|
Batting: RHB John Hanson
|
0-0: Fly out, F9 (Flyball, 9S, EV 81.9 MPH)
|
|
Batting: SHB Javy Franco
|
0-0: SOLO HOME RUN (Flyball, 78XD, EV 110.0 MPH), Distance : 426 ft
|
|
Batting: SHB Erick Hamburger
|
0-0: Fly out, F8 (Flyball, 8LXD, EV 105.6 MPH)
|
|
Batting: RHB Juan Gallegos
|
0-0: Ball 1-0: Foul Ball, location: 2F 1-1: Ball 2-1: Ball 3-1: Base on Balls
|
|
Batting: LHB Pedro Garza
|
0-0: Swinging Strike 0-1: Fly out, F7 (Flyball, 7D, EV 90.0 MPH)
|
| Bottom of the 6th over - 1 run, 1 hit, 0 errors, 1 left on base; Philadelphia (APP) 2 - Ogden 33 |
| TOP OF THE 7TH |
|
Philadelphia (APP) Phillies batting - Pitching for Ogden Raptors : RHP Francisco Guzman
|
|
Batting: SHB Robert Chauvel
|
0-0: Called Strike 0-1: Swinging Strike 0-2: Strikes out swinging
|
|
Batting: SHB Sam Fredrick
|
0-0: Ball 1-0: Foul Ball, location: 2F 1-1: Ball 2-1: Ball 3-1: Swinging Strike 3-2: Strikes out looking
|
|
Batting: RHB Dan Doggett
|
0-0: Foul Ball, location: 2F 0-1: Ball 1-1: Ball 2-1: Ball 3-1: Base on Balls
|
|
Batting: RHB Nick Maxwell
|
0-0: Ball 1-0: Swinging Strike 1-1: Foul Ball, location: 2F 1-2: Strikes out swinging
|
| Top of the 7th over - 0 runs, 0 hits, 0 errors, 1 left on base; Philadelphia (APP) 2 - Ogden 33 |
| BOTTOM OF THE 7TH |
|
Ogden Raptors batting - Pitching for Philadelphia (APP) Phillies : LHP Chris Alexopoulos
|
|
Batting: RHB Felipe Rivera
|
0-0: Ball 1-0: Ground out 1-3 (Groundball, 13, EV 71.9 MPH)
|
|
Batting: LHB Fernão Manta
|
0-0: Ball 1-0: Ball 2-0: Ball 3-0: Base on Balls
|
|
Batting: RHB Brad Brady
|
0-0: Ball 1-0: Called Strike 1-1: Ball 2-1: Called Strike 2-2: Ball 3-2: Base on Balls Fernão Manta to second
|
|
Batting: SHB Alex Noval
|
0-0: Called Strike 0-1: Ball 1-1: Foul Ball, location: 2F 1-2: Ball 2-2: Ball 3-2: Base on Balls Fernão Manta to third Brad Brady to second
|
|
Batting: RHB John Hanson
|
0-0: Swinging Strike 0-1: DOUBLE (Groundball, 5L, EV 101.2 MPH) Fernão Manta scores Brad Brady scores Alex Noval to third
|
|
Batting: SHB Javy Franco
|
0-0: Called Strike 0-1: Ball Wild Pitch! Alex Noval scores John Hanson to third 1-1: Called Strike 1-2: Ball 2-2: Ball 3-2: Base on Balls
|
|
Batting: SHB Erick Hamburger
|
0-0: Called Strike 0-1: Foul Ball, location: 2F 0-2: 3-RUN HOME RUN (Flyball, 9D, EV 95.0 MPH), Distance : 374 ft
|
|
Batting: RHB Juan Gallegos
|
0-0: Foul Ball, location: 2F 0-1: Ball 1-1: Ball 2-1: Ball 3-1: Base on Balls
|
|
Batting: LHB Pedro Garza
|
0-0: Ball 1-0: Grounds into double play, 4-6-3 (Groundball, 4, EV 82.5 MPH)
|
| Bottom of the 7th over - 6 runs, 2 hits, 0 errors, 0 left on base; Philadelphia (APP) 2 - Ogden 39 |
| TOP OF THE 8TH |
|
Philadelphia (APP) Phillies batting - Pitching for Ogden Raptors : RHP Francisco Guzman
|
|
Batting: LHB Victor Estrada
|
0-0: Ball 1-0: Foul Ball, location: 2F 1-1: Called Strike 1-2: Foul Ball, location: 2F 1-2: Fly out, F7 (Flyball, 78M, EV 92.5 MPH)
|
|
Pitching: LHP Brian Gardner
|
|
|
Batting: LHB Jessie Whedbee
|
0-0: Called Strike 0-1: Swinging Strike 0-2: Strikes out swinging
|
|
Batting: RHB Mike Ryan
|
0-0: Called Strike 0-1: Foul Ball, location: 2F 0-2: Foul Ball, location: 2F 0-2: Ball 1-2: Ground out 4-3 (Groundball, 4, EV 103.8 MPH)
|
| Top of the 8th over - 0 runs, 0 hits, 0 errors, 0 left on base; Philadelphia (APP) 2 - Ogden 39 |
| BOTTOM OF THE 8TH |
|
Ogden Raptors batting - Pitching for Philadelphia (APP) Phillies : LHP Chris Alexopoulos
|
|
Batting: RHB Felipe Rivera
|
0-0: Ground out 1-3 (Groundball, 13S, EV 71.2 MPH)
|
|
Batting: LHB Fernão Manta
|
0-0: Ball 1-0: Fly out, F3 (Popup, 23F, EV 88.1 MPH)
|
|
Batting: RHB Brad Brady
|
0-0: Ball 1-0: Ball 2-0: Called Strike 2-1: Ball 3-1: Base on Balls
|
|
Batting: SHB Alex Noval
|
0-0: Called Strike 0-1: SINGLE (Groundball, 4MD, EV 85.6 MPH) (infield hit) Brad Brady to second
|
|
Batting: RHB John Hanson
|
0-0: Called Strike 0-1: Fielders Choice at 2nd, 6-4 (Groundball, 6, EV 105.0 MPH)
|
| Bottom of the 8th over - 0 runs, 1 hit, 0 errors, 2 left on base; Philadelphia (APP) 2 - Ogden 39 |
| TOP OF THE 9TH |
|
Philadelphia (APP) Phillies batting - Pitching for Ogden Raptors : LHP Brian Gardner
|
|
Batting: RHB Jose Hurtado
|
0-0: Ball 1-0: Ball 2-0: Called Strike 2-1: Foul Ball, location: 2F 2-2: Ground out 4-3 (Groundball, 4, EV 77.5 MPH)
|
|
Batting: LHB Justin Harrison
|
0-0: Ball 1-0: Called Strike 1-1: Foul Ball, location: 2F 1-2: Foul Ball, location: 2F 1-2: Foul Ball, location: 2F 1-2: Strikes out swinging
|
|
Batting: SHB Robert Chauvel
|
0-0: Ball 1-0: Swinging Strike 1-1: Ground out 6-3 (Groundball, 6, EV 85.0 MPH)
|
| Top of the 9th over - 0 runs, 0 hits, 0 errors, 0 left on base; Philadelphia (APP) 2 - Ogden 39 |
|